 Dungeon Crawl Stone Soup version 0.28.0 (webtiles) character file.

Game seed: 1446918773413912003

1233 Host24 the Quickloader (level 8, -1/46 HPs)
             Began as a Kobold Hunter on Mar 5, 2022.
             Was a Believer of Okawaru.
             Killed by divine providence
             ... invoked by an orc priest
              (10 damage)
             ... on level 6 of the Dungeon.
             The game lasted 00:12:18 (8430 turns).

Host24 the Quickloader (Kobold Hunter)              Turns: 8430, Time: 00:12:19

Health: -1/46      AC:  8    Str: 12    XL:     8   Next: 77%
Magic:  13/13      EV: 13    Int: 12    God:    Okawaru [**....]
Gold:   217        SH:  0    Dex: 15    Spells: 7/7 levels left

rFire   . . .      SeeInvis .   a - +1 hand crossbow
rCold   . . .      Faith    .   (no shield)
rNeg    . . .      Spirit   .   G - +2 ring mail {Will+}
rPois   .          Reflect  .   g - +0 helmet
rElec   .          Harm     .   (no cloak)
rCorr   .          Rampage  .   (no gloves)
Will    +....                   (no boots)
Stlth   ++........              (no amulet)
HPRegen 0.15/turn               (no ring)
MPRegen 0.13/turn               (no ring)

@: no status effects
A: small, no large weapons, nightstalker 3
a: Renounce Religion, Heroism


You were on level 6 of the Dungeon.
You worshipped Okawaru.
Okawaru was pleased with you.
You visited 2 branches of the dungeon, and saw 7 of its levels.

You collected 315 gold pieces.
You spent 98 gold pieces at shops.

Inventory:

Hand Weapons
 a - a +1 hand crossbow (weapon)
 u - a +0 short sword of venom
 x - a +1 dagger of freezing
 A - a +2 falchion of holy wrath
Missiles
 b - 2 throwing nets
 d - 84 bolts (quivered ammo)
 e - 12 poisoned darts
 f - 157 stones
 i - 4 large rocks
 p - 3 boomerangs
 r - 29 sling bullets
 w - 18 arrows
Armour
 g - a +0 helmet (worn)
 q - the +3 leather armour "Zaephab" {*Corrode Str+8 Dex-2}
   (You found it on level 2 of the Dungeon)

   Str:       It affects your strength (+8).
   Dex:       It affects your dexterity (-2).
   *Corrode:  It may corrode you when you take damage.
 G - a +2 ring mail of willpower (worn)
Jewellery
 n - a ring of ice
Wands
 c - a wand of flame (17)
 y - a wand of iceblast (5)
Scrolls
 l - a scroll of noise {unknown}
 m - a scroll of brand weapon {unknown}
 s - a scroll of silence {unknown}
 t - a scroll of teleportation {unknown}
 D - a scroll of vulnerability {unknown}
 E - a scroll of blinking {unknown}
Potions
 h - 3 potions of haste {unknown}
 j - a potion of curing
 k - a potion of attraction
 o - a potion of brilliance
 v - a potion of might
 z - a potion of magic
 B - a potion of degeneration {unknown}
 C - a potion of cancellation
 F - a potion of ambrosia {unknown}


   Skills:
 - Level 3.0 Fighting
 + Level 9.7 Crossbows
 - Level 3.0 Dodging
 - Level 1.3 Stealth
 - Level 7.0 Invocations


You had 7 spell levels left.
You didn't know any spells.
Your spell library contained the following spells:

 Spells                   Type           Power      Damage    Failure   Level
 Sandblast                Erth           0%         2d4       58%         1
 Passwall                 Tmut/Erth      0%         N/A       75%         2
 Stone Arrow              Conj/Erth      0%         3d7       92%         3
 Alistair's Intoxication  Tmut/Pois      0%         N/A       100%        5
 Borgnjor's Vile Clutch   Necr/Erth      0%         N/A       100%        5
 Eringya's Noxious Bog    Tmut/Pois      0%         N/A       100%        6


Dungeon Overview and Level Annotations

Branches:
Dungeon (6/15)             Temple (1/1) D:4

Altars:
Cheibriados
Dithmenos
Elyvilon
Fedhas
Gozag
Hepliaklqana
Makhleb
Nemelex Xobeh
Okawaru
Ru
Sif Muna
Trog
Uskayaw
Xom
Yredelemnul
The Shining One

Shops:
D:5 *


Innate Abilities, Weirdness & Mutations

You are small and have problems with some larger weapons.
You are completely attuned to the shadows.


Message History

The orc priest is lightly wounded.
The orc misses you.
An orc priest comes into view. It is wielding a +0 club.
The orc priest invokes the aid of Beogh against you.
Beogh smites you! The orc closely misses you.
Fire: 88 bolts
Press: ? - help, Q - select action, (/) - cycle Shift-Dir - straight line, f/p - orc priest
Aim: an orc priest, wielding a +0 dagger and wearing a +0 ring mail (lightly wounded, 71% to hit)
You shoot a bolt. The bolt hits the orc priest!
The orc priest is severely wounded.
The orc priest barely misses you. The orc hits you but does no damage.
Fire: 87 bolts
Press: ? - help, Q - select action, (/) - cycle Shift-Dir - straight line, f/p - orc priest
Aim: an orc priest, wielding a +0 dagger and wearing a +0 ring mail (severely wounded, 71% to hit)
You shoot a bolt.
The bolt hits the orc priest but does no damage.
The orc priest is severely wounded.
The orc priest calls down the wrath of Beogh upon you.
Beogh smites you! The orc closely misses you.
Fire: 86 bolts
Press: ? - help, Q - select action, (/) - cycle Shift-Dir - straight line, f/p - orc priest
Aim: an orc priest, wielding a +0 dagger and wearing a +0 ring mail (severely wounded, 71% to hit)
You shoot a bolt.
The bolt hits the orc priest but does no damage.
The orc priest is severely wounded.
The orc priest hits you with a +0 dagger.
The orc hits you with a +0 whip.
Fire: 85 bolts
Press: ? - help, Q - select action, (/) - cycle Shift-Dir - straight line, f/p - orc priest
Aim: an orc priest, wielding a +0 dagger and wearing a +0 ring mail (severely wounded, 71% to hit)
You shoot a bolt. The bolt hits the orc priest.
You kill the orc priest!
Okawaru accepts your kill.
The orc priest calls down the wrath of Beogh upon you.
Beogh smites you!
* * * LOW HITPOINT WARNING * * *
The orc hits you but does no damage.
The orc priest invokes the aid of Beogh against you.
Beogh smites you!
You die...

#####.###.# ###...#
########......#.## #...#
#.....##.####..#######...#
#.....##.####..###........
#..........##.............
#.....##.#.##..###........
#.....##.......# #####...#
########.......# #...#
##@####.# #...# #o##...#
#...# . #o##.#.# #...# .)
#.##.#.#### #....
...##o........####...#
..((.....####........#
...o###.#####..#####..
.... #.##............ ...#
##.##..#......


You could see an orc priest and 2 orcs.

Vanquished Creatures
  2 phantoms
  A bullfrog (D:6)
  2 scorpions
  2 water moccasin skeletons (D:5)
  A howler monkey (D:4)
  3 hounds
  A bullfrog skeleton (D:5)
  6 orc priests
  4 iguanas
  6 orc wizards
  8 gnolls
  5 adders
  A shadow imp (D:6)
  A white imp (D:6)
  2 adder skeletons (D:4)
  2 worms
  11 orcs
  6 ball pythons
  3 endoplasms (D:1)
  5 goblins
  6 hobgoblins
  4 quokkas
  3 bats
  6 frilled lizards
  6 kobolds
  7 rats
104 creatures vanquished.

Notes
Turn   | Place    | Note
-------+----------+-------------------------------------------
     0 | D:1      | Host24 the Kobold Hunter began the quest for the Orb.
     0 | D:1      | Reached XP level 1. HP: 12/12 MP: 1/1
    83 | D:1      | Reached skill level 5 in Crossbows
   415 | D:1      | Reached XP level 2. HP: 18/18 MP: 2/2
   428 | D:1      | Noticed a great orb of eyes
   436 | D:1      | Noticed a shining eye
   437 | D:1      | Found a faded altar of an unknown god.
   437 | D:1      | Noticed a floating eye
   733 | D:1      | Noticed an eye of devastation
  1315 | D:2      | Reached XP level 3. HP: 21/23 MP: 3/3
  1358 | D:2      | Reached XP level 4. HP: 13/28 MP: 4/4
  1555 | D:2      | Reached skill level 6 in Crossbows
  2065 | D:2      | Identified the +3 leather armour "Zaephab" {*Corrode Str+8
                  | Dex-2}
  2341 | D:3      | Reached XP level 5. HP: 25/32 MP: 5/5
  3909 | D:4      | Reached skill level 7 in Crossbows
  4425 | D:4      | Reached XP level 6. HP: 11/37 MP: 6/6
  4718 | D:4      | Found a staircase to the Ecumenical Temple.
  4725 | Temple   | Entered the Ecumenical Temple
  4854 | Temple   | Became a worshipper of Warmaster Okawaru
  4955 | D:4      | Reached skill level 8 in Crossbows
  5037 | D:4      | Reached XP level 7. HP: 8/41 MP: 7/7
  5147 | D:4      | Reached skill level 9 in Crossbows
  5159 | D:4      | Reached * piety under Okawaru
  5528 | D:4      | Reached skill level 1 in Invocations
  5904 | D:4      | Found a blossoming altar of Fedhas.
  5944 | D:4      | Found a sparkling altar of Nemelex Xobeh.
  5961 | D:5      | Entered Level 5 of the Dungeon
  6536 | D:5      | Found Puabis's Assorted Antiques.
  6541 | D:5      | Bought a coppery potion for 23 gold pieces
  6541 | D:5      | Bought a fizzy cyan potion for 23 gold pieces
  6541 | D:5      | Bought a scroll labelled WIBLUIREHU for 26 gold pieces
  6541 | D:5      | Bought a scroll labelled CEITHA AZXUHILI for 26 gold pieces
  6699 | D:5      | Reached XP level 8. HP: 19/46 MP: 11/11
  6946 | D:5      | Reached skill level 5 in Invocations
  7300 | D:6      | Reached ** piety under Okawaru
  8430 | D:6      | Killed from afar by an orc priest

Illustrated notes

Levels and vault maps discovered:
D:1:      dpeg_arrival_connections, layout_loops_corners,
          hellmonk_ecumenical_altar_watching_god
D:2:      layout_basic
D:3:      layout_basic
D:4:      layout_basic, mainiacjoe_overflow_divided_tiny,
          minmay_temple_entry_wispy
D:5:      layout_loops_ring, serial_shops, shop
D:6:      layout_loops_cross, gammafunk_temple_overflow_claw,
          amcnicky_mini_pool_small, minmay_holes
Temple:   eino_temple_lava

Skill      XL: |  1  2  3  4  5  6  7  8 |
---------------+-------------------------+-----
Crossbows      | 5 6 7 8 9 |  9.7
Fighting       | 3 |  3.0
Dodging        | 3 |  3.0
Invocations    | 4 7 |  7.0
Stealth        | |  1.3

Action                   |  1- 3 |  4- 6 |  7- 9 || total
-------------------------+-------+-------+-------++-------
Melee: Short sword       |    52 |   102 |   170 ||   324
       Whip              |       |    67 |       ||    67
       Punch             |       |     3 |     3 ||     6
       Dagger            |       |     1 |     7 ||     8
       Falchion          |       |       |     1 ||     1
 Fire: Hand crossbow     |    12 |     8 |    22 ||    42
  Use: Potion            |       |     2 |       ||     2
       Scroll            |       |       |     4 ||     4
 Stab: Sleeping          |    12 |    12 |     3 ||    27
       Distracted        |       |     1 |       ||     1
Armor: Leather armour    |    14 |    49 |    50 ||   113
       Ring mail         |       |       |     5 ||     5
Dodge: Dodged            |    37 |   119 |   126 ||   282
